 Dungeon Crawl Stone Soup version 0.29.1-12-g30fa7ad0bf (webtiles) character file.

Game seed: 8971415636728096362

285 Peloso the Covered (level 6, -1/55 HPs)
             Began as a Minotaur Fighter on Dec 13, 2022.
             Slain by a gnoll
             ... wielding a +0 flail
             ... led by a gnoll bouda
              (3 damage)
             ... on level 4 of the Dungeon.
             The game lasted 00:07:10 (3560 turns).

Peloso the Covered (Minotaur Fighter)               Turns: 3560, Time: 00:07:11

Health: -1/55      AC:  7    Str: 21    XL:     6   Next: 7%
Magic:  5/5        EV:  9    Int:  5    God:
Gold:   203        SH:  5    Dex: 11    Spells: 5/5 levels left

rFire   . . .      SeeInvis .   a - +0 long sword
rCold   . . .      Faith    .   e - +0 buckler
rNeg    . . .      Spirit   .   c - +0 scale mail
rPois   .          Reflect  .   (helmet restricted)
rElec   .          Harm     .   (no cloak)
rCorr   .          Rampage  .   (no gloves)
Will    .....                   (no boots)
Stlth   ..........              (no amulet)
HPRegen 0.18/turn               (no ring)
MPRegen 0.09/turn               (no ring)

@: no status effects
A: horns 2, retaliatory headbutt
a: no special abilities


You were on level 4 of the Dungeon.
You visited 1 branch of the dungeon, and saw 5 of its levels.

You collected 203 gold pieces.

Inventory:

Hand Weapons
 a - a +0 long sword (weapon)
 b - a +2 short sword of flaming
Armour
 c - a +0 scale mail (worn)
 e - a +0 buckler (worn)
Scrolls
 h - a scroll of silence {unknown}
 i - a scroll of fog
 j - a scroll of identify
 k - a scroll of torment {unknown}
 l - a scroll of noise {unknown}
 n - a scroll of blinking {unknown}
 o - a scroll of brand weapon {unknown}
 q - a scroll of teleportation
 s - a scroll of summoning {unknown}
Potions
 d - a potion of might
 g - a potion of curing
 m - a potion of haste {unknown}
 p - a potion of heal wounds {unknown}
 r - 2 potions of lignification {unknown}
 t - a potion of ambrosia {unknown}
 u - a potion of degeneration {unknown}


   Skills:
 + Level 4.9 Fighting
 + Level 4.9 Long Blades
 + Level 5.0 Armour
 + Level 1.5 Dodging
 + Level 0.4 Stealth
 + Level 4.4 Shields


You had 5 spell levels left.
You didn't know any spells.
Your spell library contained the following spells:

 Spells                   Type           Power      Damage    Failure   Level
 Blink                    Tloc           0%         N/A       95%         2
 Sublimation of Blood     Necr           0%         N/A       95%         2
 Gell's Gravitas          Tloc           0%         N/A       99%         3
 Lesser Beckoning         Tloc           0%         N/A       99%         3
 Teleport Other           Tloc           0%         N/A       99%         3
 Petrify                  Tmut/Erth      0%         N/A       100%        4
 Irradiate                Conj/Tmut      0%         3d11      100%        5
 Manifold Assault         Tloc           0%         N/A       100%        5
 Dispersal                Tloc           0%         N/A       100%        6


Dungeon Overview and Level Annotations

Branches:
Dungeon (5/15)
 Temple: D:4-7

Altars:
Ashenzari
Makhleb
Okawaru


Innate Abilities, Weirdness & Mutations

You have a pair of horns on your head.
You reflexively headbutt those who attack you in melee.


Message History

The net rips apart, and the gnoll comes free!
The gnoll barely misses you.
You slash the gnoll! Your headbutt misses the gnoll.
The gnoll is almost dead.
The gnoll closely misses you. The gnoll hits you with a +0 club.
* * * LOW HITPOINT WARNING * * *
You hit the gnoll.
You kill the gnoll!
The gnoll hits you with a +0 club.
* * * LOW HITPOINT WARNING * * *
Your Armour skill increases to level 5!
You flicker for a moment.
The gnoll throws a throwing net.
The throwing net hits the gnoll.
The gnoll is caught in the net!
The gnoll struggles against the net.
You flicker back into view.
The gnoll struggles against the net.
The gnoll struggles against the net.
You see here 17 gold pieces.
The gnoll struggles against the net.
The gnoll struggles against the net.
The gnoll struggles against the net.
The net rips apart, and the gnoll comes free!
The gnoll attacks as you move away! You block the gnoll's attack.
The gnoll attacks as you move away! The gnoll hits you with a +0 flail.
* * * LOW HITPOINT WARNING * * *
The gnoll attacks as you move away! The gnoll hits you with a +0 flail.
* * * LOW HITPOINT WARNING * * *
Things that are here:
a +0 flail; an orc corpse You hit the gnoll.
You headbutt the gnoll.
The gnoll is moderately wounded.
The gnoll closely misses you.
You slash the gnoll! Your headbutt misses the gnoll.
The gnoll is almost dead.
The gnoll barely misses you.
You barely miss the gnoll.
The gnoll is almost dead.
The gnoll hits you with a +0 flail.
You die...

........).......#......#.# ##
............###.#..$..... .#####
.............##.#......#...##..##
......#.........#P.....#.........
.....##.......#.#..P.#.#.#####..#
.)...........##..........# ###.#
.........$.....g[.[....######.#..
#.......g......#!>......###......
####.....####.##@<...#........#..
#..=...##..#g...#..#.......###
#.....###......##..#.....†##
###.#...#....####.....#....#
#.#.......## #.....####...#
####..#...# #......# ....#
######## ##.......##...#
#........##### ###.....##


You could see 2 gnolls.

Vanquished Creatures
  A scorpion (D:4)
  An orc priest (D:3)
  An orc wizard (D:4)
  2 gnolls (D:4)
  5 adders
  A shadow imp (D:4)
  A worm (D:2)
  9 orcs
  5 bats
  7 endoplasms
  12 giant cockroaches (D:2)
  3 hobgoblins
  3 jackals (D:1)
  2 quokkas
  7 ball pythons
  3 frilled lizards
  9 goblins
  8 kobolds
  7 rats
87 creatures vanquished.

Notes
Turn   | Place    | Note
-------+----------+-------------------------------------------
     0 | D:1      | Peloso the Minotaur Fighter began the quest for the Orb.
     0 | D:1      | Reached XP level 1. HP: 19/19 MP: 0/0
   346 | D:1      | Reached XP level 2. HP: 27/27 MP: 1/1
   859 | D:1      | Reached skill level 4 in Armour
  1301 | D:2      | Reached XP level 3. HP: 33/33 MP: 2/2
  1368 | D:2      | Found a broken altar of Ashenzari.
  1672 | D:2      | Reached XP level 4. HP: 34/40 MP: 3/3
  2285 | D:3      | Found an iron altar of Okawaru.
  2289 | D:3      | Found a burning altar of Makhleb.
  2338 | D:3      | Found a faded altar of an unknown god.
  2598 | D:3      | Reached skill level 1 in Dodging
  2905 | D:3      | Reached XP level 5. HP: 31/47 MP: 4/4
  3270 | D:4      | Noticed an ogre
  3414 | D:5      | Entered Level 5 of the Dungeon
  3514 | D:4      | Reached XP level 6. HP: 55/55 MP: 5/5
  3540 | D:4      | Reached skill level 5 in Armour
  3557 | D:4      | HP: 1/55 [gnoll/+0 flail[a gnoll bouda] (5)]
  3560 | D:4      | Slain by a gnoll

Illustrated notes

Levels and vault maps discovered:
D:1:      evilmike_arrival_home_sweet_home, layout_loops_corners, hex_large,
          st_stairs_7
D:2:      minmay_roachtagon, layout_rooms, basic_altar, serial_glass,
          glass_columns_a, glass_columns_a, chequers_serial_rivers_large_a
D:3:      layout_loops_cross, nicolae_overflow_hidden_temple,
          shapermc_ecumenical_altar_pompeii
D:4:      cheibrodos_old_hovel, layout_cave_pools
D:5:      layout_loops_ring, nzn_wu_jian_council_hall,
          chequers_temple_overflow_statue_of_worship

Skill      XL: |  1  2  3  4  5  6 |
---------------+-------------------+-----
Fighting       | 4 |  4.9
Shields        | 4 |  4.4
Armour         | 4 5 |  5.0
Long Blades    | 3 4 |  4.9
Dodging        | 1 |  1.5
Stealth        | |  0.4

Action                   |  1- 3 |  4- 6 || total
-------------------------+-------+-------++-------
Melee: Long sword        |    97 |   122 ||   219
       Headbutt          |    11 |    22 ||    33
       Short sword       |     2 |       ||     2
  Use: Scroll            |     2 |     3 ||     5
       Potion            |       |     3 ||     3
Armor: Scale mail        |    66 |    53 ||   119
Dodge: Dodged            |    43 |    72 ||   115
Block: Buckler           |    26 |    31 ||    57
